 Dungeon Crawl Stone Soup version 0.29-a0-453-gf113fcf677 (webtiles) character file.

Game seed: 12194432655993826073

411 Kenran the Slasher (level 6, -15/47 HPs)
             Began as a Vampire Fighter on May 20, 2022.
             Blown up by Ijyb (22 damage)
             ... with a mindburst bolt
             ... on level 4 of the Dungeon.
             The game lasted 00:09:52 (3207 turns).

Kenran the Slasher (Vampire Fighter)                Turns: 3207, Time: 00:09:53

Health: -15/47     AC:  9    Str: 23    XL:     6   Next: 58%
Magic:  6/6        EV: 11    Int: 11    God:
Gold:   177        SH:  4    Dex: 13    Spells: 5/5 levels left

rFire   . . .      SeeInvis +   a - +0 long sword
rCold   . . .      Faith    .   c - +0 buckler
rNeg    . . .      Spirit   .   l - +3 leather armour {rPois}
rPois   +          Reflect  .   j - +2 helmet
rElec   .          Harm     .   (no cloak)
rCorr   +          Rampage  .   (no gloves)
Will    .....                   (no boots)
Stlth   +.........              (no amulet)
HPRegen 0.35/turn               f - +6 ring of strength
MPRegen 0.10/turn               m - ring of resist corrosion

@: lethally poisoned (-15 -> -16), about to teleport, healing quickly
A: alive, fangs 3, see invisible, vampiric 2
a: Exsanguinate


You were on level 4 of the Dungeon.
You visited 1 branch of the dungeon, and saw 4 of its levels.

You collected 177 gold pieces.

Inventory:

Hand Weapons
 a - a +0 long sword (weapon)
Missiles
 o - 2 throwing nets (quivered)
Armour
 c - a +0 buckler (worn)
 j - a +2 helmet (worn)
 l - a +3 leather armour of poison resistance (worn)
Jewellery
 b - a ring of ice
 f - a +6 ring of strength (left hand)
 m - a ring of resist corrosion (right hand)
Wands
 n - a wand of mindburst (8)
Scrolls
 e - a scroll of poison
 g - a scroll of immolation {!r}
 i - a scroll of vulnerability {!r}
 p - 3 scrolls of enchant armour
 r - a scroll of fear {unknown}


   Skills:
 - Level 3.0 Fighting
 + Level 6.3 Long Blades
 - Level 3.0 Armour
 - Level 2.0 Dodging
 - Level 2.6 Shields


You had 5 spell levels left.
You didn't know any spells.
Your spell library contained the following spells:

 Spells                   Type           Power      Damage    Failure   Level
 Sandblast                Erth           0%         2d4       47%         1
 Passwall                 Tmut/Erth      0%         N/A       63%         2
 Stone Arrow              Conj/Erth      0%         3d7       85%         3


Dungeon Overview and Level Annotations

Branches:
Dungeon (4/15)
 Temple: D:4-7

Altars:

Annotations:
D:3 1 runed translucent door, Crazy Yiuf
D:4 Ijyb


Innate Abilities, Weirdness & Mutations

Your natural rate of healing is accelerated.
You have razor-sharp teeth.
You have supernaturally acute eyesight. (SInv)
You are afflicted with vampirism and can become a bat while bloodless.


Message History

Your mind is blasted!
* * * LOW HITPOINT WARNING * * *
The adder closely misses you. The hound closely misses you.
It was a potion of heal wounds.
You feel much better. The hound bites you but does no damage.
Ijyb zaps a wand.
Your mind is blasted!
The adder bites you.
You are poisoned.
The adder poisons you!
You feel better. The hound bites you but does no damage.
The adder bites you but does no damage. Ijyb hits you with a +0 dagger.
The hound closely misses you.
You hit Ijyb.
Ijyb is lightly wounded.
The adder bites you.
You are poisoned.
The adder poisons you! You block the hound's attack.
Ijyb zaps a wand.
Your mind is blasted!
The adder barely misses you.
You slash Ijyb!
Ijyb is heavily wounded.
You feel sick. The hound closely misses you. You block the adder's attack.
Ijyb hits you with a +0 dagger. The hound bites you but does no damage.
The adder bites you but does no damage.
You hit Ijyb. You bite Ijyb.
Ijyb is severely wounded.
You feel sick. The hound closely misses you. Ijyb hits you with a +0 dagger.
* * * LOW HITPOINT WARNING * * *
The adder bites you.
* * * LOW HITPOINT WARNING * * *
You block the hound's attack. Ijyb misses you.
You miss Ijyb. Your bite misses Ijyb.
Ijyb is severely wounded.
You feel sick. The hound barely misses you. The adder misses you.
Ijyb zaps a wand.
Your mind is blasted!
* * * LOW HITPOINT WARNING * * *
As you read the scroll of teleportation, it crumbles to dust.
You feel strangely unstable.
You feel sick. The hound bites you but does no damage.
The adder closely misses you. The hound bites you but does no damage.
The adder misses you.
Ijyb zaps a wand.
Your mind is blasted!
You die...

##...#..(# ... ...
#..(.#...# .. . ..
#.[...#...# # ..
..##....##.####
.###...........#.#
...#.....#....##.#
..........#.S..#.#
...........cSh##.#
............#@#(# ..
............#g###....
............#..[.....
..........J.......#..
..............##..#
..........c...# ###
...........#.##
...........#.#.
................


You could see Ijyb, a centaur, a hound, an adder and a ball python.

Vanquished Creatures
  A sky beast (D:3)
  A scorpion (D:4)
  A gnoll shaman (D:4)
  Robin (D:2)
  5 gnolls
  4 adders
  6 worms
  2 dart slugs
  4 orcs
  6 ball pythons
  8 endoplasms
  7 giant cockroaches
  14 goblins
  10 hobgoblins
  10 jackals
  3 kobolds
  4 quokkas
  8 bats
  2 frilled lizards (D:1)
  4 rats
101 creatures vanquished.

Notes
Turn   | Place    | Note
-------+----------+-------------------------------------------
     0 | D:1      | Kenran the Vampire Fighter began the quest for the Orb.
     0 | D:1      | Reached XP level 1. HP: 17/17 MP: 1/1
   119 | D:1      | Reached XP level 2. HP: 14/23 MP: 2/2
   209 | D:1      | Reached skill level 3 in Long Blades
   288 | D:1      | Gained mutation: You are afflicted with vampirism and can
                  | become a bat while bloodless. [Vampire growth]
   288 | D:1      | Reached XP level 3. HP: 28/28 MP: 3/3
   549 | D:1      | Found a faded altar of an unknown god.
   932 | D:2      | Reached skill level 4 in Long Blades
   960 | D:2      | Reached XP level 4. HP: 35/35 MP: 4/4
  1228 | D:2      | Noticed Robin
  1265 | D:2      | Killed Robin
  1271 | D:2      | Reached skill level 5 in Long Blades
  1380 | D:2      | Reached XP level 5. HP: 32/41 MP: 5/5
  1485 | D:2      | Reached skill level 1 in Dodging
  1796 | D:3      | Noticed a sky beast
  1986 | D:3      | Found a runed translucent door.
  1987 | D:3      | Noticed Crazy Yiuf
  2048 | D:3      | Killed a sky beast
  2124 | D:3      | Reached XP level 6. HP: 33/47 MP: 6/6
  3061 | D:4      | Reached skill level 6 in Long Blades
  3173 | D:4      | Noticed Ijyb
  3207 | D:4      | Blown up by Ijyb

Illustrated notes

Levels and vault maps discovered:
D:1:      tarquinn_simple_flora_water_d, layout_rooms,
          hellmonk_ecumenical_altar_heavens_door
D:2:      minmay_angry_zag, layout_basic, corexii_shack,
          minmay_stone_trees_small, uniq_robin
D:3:      layout_rooms, serial_co_window_serial, co_window_of_opportunity_a,
          co_window_of_opportunity_a, co_window_of_opportunity_a,
          co_window_paths_a, co_window_paths_b, co_window_corner_b,
          co_window_corner_ca, co_window_of_opportunity_c, co_window_broadway_b,
          co_window_broadway_c, co_window_2corner, co_window_corner_ca,
          co_window_paths_e, glass_columns_c, glass_columns_a, glass_columns_c,
          glass_columns_a, uniq_crazy_yiuf_cottage
D:4:      layout_cave_pools, minmay_temple_entry_hall, grunt_decor_one_mirror,
          minmay_vboxes, uniq_ijyb

Skill      XL: |  1  2  3  4  5  6 |
---------------+-------------------+-----
Long Blades    | 3 4 5 6 |  6.3
Fighting       | 3 |  3.0
Dodging        | 2 |  2.0
Armour         | 3 |  3.0
Shields        | |  2.6

Action                   |  1- 3 |  4- 6 || total
-------------------------+-------+-------++-------
Melee: Long sword        |   121 |   251 ||   372
       Bite              |     9 |    24 ||    33
  Use: Potion            |     4 |     6 ||    10
       Scroll            |     1 |     8 ||     9
 Stab: Sleeping          |     1 |       ||     1
       Distracted        |       |     1 ||     1
Armor: Scale mail        |    61 |       ||    61
       Skin              |    17 |    55 ||    72
       Leather armour    |    11 |   109 ||   120
Dodge: Dodged            |    60 |   145 ||   205
Block: Buckler           |    39 |    58 ||    97

Table legend: (Time is in decaauts)
 A = Elapsed time spent in this place.
 B = Non-inter-level travel time spent in this place.
 C = Inter-level travel time spent in this place.
 D = Time resting spent in this place.
 E = Time spent auto-exploring this place.
 F = Levels seen in this place.
 G = Mean time per level.
                   A        B        C        D        E       F      G
               +--------+--------+--------+--------+--------+-----+--------+
         Total |   3297 |   3150 |    147 |    282 |   1926 |   4 |  824.2 |
       Dungeon |   3297 |   3150 |    147 |    282 |   1926 |   4 |  824.2 |
               +--------+--------+--------+--------+--------+-----+--------+

Top non-repeatable levels by time:
     D:3: 1262 daAuts
     D:2: 1052 daAuts
     D:1: 785 daAuts
     D:4: 195 daAuts
